 Dungeon Crawl Stone Soup version 0.31.0-12-g77e489cdc1 (webtiles) character file.

Game seed: 2894542338669807677

5387 Silvore the Cleaver (level 10, -9/90 HPs)
             Began as a Minotaur Fighter on Feb 20, 2024.
             Was a High Priest of Okawaru.
             Killed from afar by an electric eel (17 damage)
             ... with a bolt of electricity
             ... on level 8 of the Dungeon.
             The game lasted 00:08:49 (5722 turns).

Silvore the Cleaver (Minotaur Fighter)              Turns: 5722, Time: 00:08:49

Health: -9/90      AC: 21    Str: 26    XL:     10   Next: 39%
Magic:  9/9        EV: 10    Int:  5    God:    Okawaru [*****.]
Gold:   380        SH:  7    Dex:  9    Spells: 9/9 levels left

rFire   . . .        a - +2 war axe (freeze)
rCold   . . .        k - +2 buckler
rNeg    . . .        o - +0 chain mail
rPois   .            (helmet restricted)
rElec   .            e - +1 cloak
rCorr   .            (no gloves)
SInv    .            r - +2 pair of boots
Will    .....        h - amulet of regeneration Stlth
                     B - +4 ring of protection
HPRegen 1.15/turn    (no ring)
MPRegen 0.11/turn

%: no passive effects
@: no status effects
A: horns 2, retaliatory headbutt
a: Renounce Religion, Heroism, Finesse, Duel


You were on level 8 of the Dungeon.
You worshipped Okawaru.
Okawaru was extremely pleased with you.
You visited 2 branches of the dungeon, and saw 9 of its levels.

You collected 380 gold pieces.

Inventory:

Hand Weapons
 a - a +2 war axe of freezing (weapon)
Armour
 b - a +0 scale mail
 c - a +0 buckler
 e - a +1 cloak (worn)
 i - a +0 tower shield
 k - a +2 buckler (worn)
 o - a +0 chain mail (worn)
 r - a +2 pair of boots (worn)
Jewellery
 h - an amulet of regeneration (around neck)
 l - an amulet of guardian spirit
 B - a +4 ring of protection (left hand)
Wands
 f - a wand of polymorph (10)
 w - a wand of roots (18)
Scrolls
 g - a scroll of identify
 j - a scroll of noise
 t - 3 scrolls of teleportation
 u - a scroll of silence
 x - a scroll of immolation
 A - 3 scrolls of fog
 C - a scroll of enchant armour
Potions
 d - 2 potions of curing
 m - 2 potions of mutation
 n - 2 potions of brilliance
 p - a potion of ambrosia
 q - a potion of berserk rage
 s - 2 potions of lignification
 v - 3 potions of heal wounds
 z - 2 potions of might


   Skills:
 + Level 8.6 Fighting
 + Level 11.7 Axes
 + Level 8.9 Armour
 + Level 5.7 Dodging
 + Level 1.4 Stealth
 + Level 7.3 Shields


You had 9 spell levels left.
You didn't know any spells.
Your spell library contained the following spells:

 Spells                   Type           Power      Damage    Failure   Level
 Freeze                   Ice            0%         1d3       94%         1
 Sting                    Conj/Alch      0%         1d3       94%         1
 Jinxbite                 Hex            0%         N/A       98%         2
 Lesser Beckoning         Tloc           0%         N/A       98%         2
 Frozen Ramparts          Ice            0%         1d1       100%        3
 Gell's Gravitas          Tloc           0%         N/A       100%        3
 Hailstorm                Conj/Ice       0%         3d5       100%        3
 Teleport Other           Tloc           0%         N/A       100%        3
 Anguish                  Hex/Necr       0%         N/A       100%        4
 Yara's Violent Unravell  Hex/Alch       0%         3d3       100%        5
 Enfeeble                 Hex            0%         N/A       100%        7
 Summon Ice Beast         Ice/Summ       Unusable   N/A       N/A         3
 Animate Dead             Necr           Unusable   N/A       N/A         4
 Summon Mana Viper        Hex/Summ       Unusable   N/A       N/A         5
 Monstrous Menagerie      Summ           Unusable   N/A       N/A         7
 Infestation              Necr           Unusable   N/A       N/A         8

Dungeon Overview and Level Annotations

Branches:
Dungeon (8/15)             Temple (1/1) D:6            Lair (0/5) D:8

Altars:
Ashenzari
Cheibriados
Elyvilon
Fedhas
Gozag
Hepliaklqana
Kikubaaqudgha
Makhleb
Nemelex Xobeh
Okawaru
Qazlal
Sif Muna
Trog
Uskayaw
Vehumet
Wu Jian
Xom
Yredelemnul
Zin
The Shining One

Shops:
D:2 [*!(   D:5 (


Innate Abilities, Weirdness & Mutations

You have a pair of horns on your head.
You reflexively headbutt those who attack you in melee.


Message History

The bolt of electricity hits you but does no damage.
The electric eel shoots out a bolt of lightning at you!
The bolt of electricity hits the electric eel.
The electric eel completely resists.
The bolt of electricity misses you.
The electric eel shoots out a bolt of lightning at you!
The bolt of electricity hits the electric eel.
The electric eel completely resists.
The bolt of electricity hits you!
The electric eel shoots out a bolt of lightning at you!
The bolt of electricity hits you but does no damage.
The electric eel shoots out a bolt of lightning at you!
The bolt of electricity hits you.
* * * LOW HITPOINT WARNING * * *
The electric eel shoots out a bolt of lightning at you!
The bolt of electricity hits you but does no damage.
The electric eel shoots out a bolt of lightning at you!
The bolt of electricity misses the electric eel.
The bolt of electricity hits the electric eel.
The electric eel completely resists.
The bolt of electricity hits you.
* * * LOW HITPOINT WARNING * * *
The electric eel shoots out a bolt of lightning at you!
The bolt of electricity hits the electric eel.
The electric eel completely resists.
The bolt of electricity misses you.
Unknown command.
The electric eel shoots out a bolt of lightning at you!
The bolt of electricity hits the electric eel.
The electric eel completely resists.
The bolt of electricity hits you.
* * * LOW HITPOINT WARNING * * *
The electric eel shoots out a bolt of lightning at you!
The bolt of electricity hits the electric eel.
The electric eel completely resists.
The bolt of electricity hits you.
* * * LOW HITPOINT WARNING * * *
The electric eel shoots out a bolt of lightning at you!
The bolt of electricity hits you.
* * * LOW HITPOINT WARNING * * *
The bolt of electricity hits you.
* * * LOW HITPOINT WARNING * * *
The electric eel shoots out a bolt of lightning at you!
The bolt of electricity hits the electric eel.
The electric eel completely resists.
The bolt of electricity hits you!
You die...

..# #.. ~P≈≈≈≈≈≈≈~ #.#
P≈≈≈≈S≈~~ #.# ~~≈≈≈≈~~~
#####.##♣♣~~≈≈~≈≈~P
####.......♣~♣~~≈~≈~~~
##....#####.♣ ~~S~~~~♣~
#.....# #.#♣♣~S~~~~~~
#####...#.# #.@.S~♣♣~~♣~♣
....#...#... #...♣~~~~P~~~
###.#.#.###.#
#....~~~~~~♣~ ......#...
......##~♣P~~♣♣
.##.#.###..#...#.###♣~~♣~#
....#... ..##.##.# ♣♣♣ #
..#(###..........# ).#...
.#####. ### ..###.# #


You could see 2 electric eels.

Vanquished Creatures
  Maurice (D:7)
  Joseph (D:7)
  Jeremiah (D:7)
  A kobold demonologist (D:6)
  Maggie (D:7)
  A komodo dragon (D:8)
  3 hogs (D:7)
  A human (D:7)
  2 yaks
  Grum (D:8)
  2 water moccasins (D:8)
  A sky beast (D:7)
  3 black bears
  An ogre (D:6)
  2 wolves (D:8)
  Blork the orc (D:6)
  A kobold brigand (D:8)
  2 phantoms
  7 bullfrogs
  A scorpion (D:7)
  4 wights (D:7)
  A howler monkey (D:5)
  3 electric eels (D:8)
  A crimson imp (D:4)
  4 orc priests
  A hound (D:5)
  3 jellies
  An iguana (D:5)
  2 sleepcaps
  3 orc wizards
  A gnoll (D:8)
  10 adders
  A white imp (D:7)
  A dart slug (D:5)
  17 orcs
  8 bats
  7 endoplasms
  14 giant cockroaches
  13 hobgoblins
  4 jackals (D:1)
  2 quokkas
  11 ball pythons
  2 frilled lizards (D:3)
  6 goblins
  A goblin skeleton (D:4)
  A hobgoblin zombie (D:4)
  11 kobolds
  4 kobold zombies (D:4)
  2 orc skeletons (D:4)
  An orc zombie (D:4)
  4 rats
178 creatures vanquished.

Notes
Turn   | Place    | Note
-------+----------+-------------------------------------------
     0 | D:1      | Silvore the Minotaur Fighter began the quest for the Orb.
     0 | D:1      | Reached XP level 1. HP: 19/19 MP: 0/0
    29 | D:1      | Reached XP level 2. HP: 16/27 MP: 1/1
    80 | D:1      | Got the Omnibus of Grisly Intoxication
   203 | D:1      | Found a faded altar of an unknown god.
   568 | D:1      | Reached XP level 3. HP: 33/33 MP: 2/2
   571 | D:1      | Reached skill level 3 in Axes
   583 | D:2      | Found Zeecruadu's Weapon Emporium.
   734 | D:2      | Found Jysercha's Distillery.
   748 | D:2      | Reached XP level 4. HP: 40/40 MP: 3/3
   794 | D:2      | Found Hepao's Armour Shoppe.
  1249 | D:2      | Found Ejietajo's General Store.
  1490 | D:3      | Found a hazy altar of Hepliaklqana.
  1675 | D:3      | Found a broken altar of Ashenzari.
  1690 | D:3      | Identified the +4 dagger "Qucaug" {freeze, *Rage Int+5}
  2097 | D:4      | Reached skill level 4 in Axes
  2097 | D:4      | Reached XP level 5. HP: 45/46 MP: 4/4
  2115 | D:4      | Found a basalt altar of Yredelemnul.
  2257 | D:4      | Found a glowing golden altar of the Shining One.
  2272 | D:4      | Reached skill level 1 in Dodging
  2352 | D:4      | Identified the staff "Hiab" {rCorr Dex+3 Stlth- Earth}
  2388 | D:4      | Noticed a black bear
  2399 | D:4      | Killed a black bear
  2400 | D:4      | Reached skill level 5 in Axes
  2400 | D:4      | Reached skill level 5 in Armour
  2400 | D:4      | Reached XP level 6. HP: 39/53 MP: 5/5
  2650 | D:4      | Found a blossoming altar of Fedhas.
  2653 | D:4      | Found an ancient bone altar of Kikubaaqudgha.
  2764 | D:4      | Found a hide-covered altar of Uskayaw.
  3115 | D:5      | Entered Level 5 of the Dungeon
  3242 | D:5      | Found the +8 longbow "Zephyr" {speed, Dex+3 SInv}
  3260 | D:5      | You fall into a shaft and drop 1 floor!
  3272 | D:6      | Found a staircase to the Ecumenical Temple.
  3278 | Temple   | Entered the Ecumenical Temple
  3286 | Temple   | Became a worshipper of Warmaster Okawaru
  3308 | D:6      | Reached skill level 5 in Shields
  3312 | D:5      | Noticed a kobold demonologist
  3320 | D:6      | Reached skill level 6 in Axes
  3320 | D:6      | Reached XP level 7. HP: 52/60 MP: 6/6
  3324 | D:6      | Reached skill level 1 in Stealth
  3326 | D:6      | Killed a kobold demonologist
  3326 | D:6      | Reached * piety under Okawaru
  3327 | D:6      | Reached skill level 5 in Fighting
  3327 | D:6      | Reached skill level 7 in Axes
  3402 | D:5      | Found a stormy altar of Qazlal.
  3448 | D:5      | Reached XP level 8. HP: 66/68 MP: 7/7
  3581 | D:5      | Found Qefiycuo's Weapon Shop.
  3830 | D:6      | Found a snail-covered altar of Cheibriados.
  3863 | D:6      | Noticed Blork the orc
  3871 | D:6      | Killed Blork the orc
  3941 | D:6      | Reached skill level 8 in Axes
  4223 | D:6      | Found a sparkling altar of Nemelex Xobeh.
  4326 | D:7      | Reached ** piety under Okawaru
  4327 | D:7      | Noticed Jeremiah
  4395 | D:7      | Killed Jeremiah
  4396 | D:7      | Reached skill level 9 in Axes
  4443 | D:7      | Noticed Maurice
  4448 | D:7      | Something stole an amulet of guardian spirit
  4451 | D:7      | Something stole a +0 tower shield
  4453 | D:7      | Something stole a throwing net
  4454 | D:7      | Reached XP level 9. HP: 47/76 MP: 0/8
  4456 | D:7      | Something stole 239 gold
  4458 | D:7      | Something stole 54 gold
  4594 | D:7      | Killed Maurice
  4595 | D:7      | Reached skill level 10 in Axes
  4652 | D:7      | Identified the +2 leather armour "Moffo" {rPois Str-2
                  | Stlth+}
  4725 | D:7      | Noticed Joseph
  4740 | D:7      | Killed Joseph
  4740 | D:7      | Reached *** piety under Okawaru
  4791 | D:7      | Noticed Maggie
  4801 | D:7      | Killed Maggie
  4896 | D:7      | Identified the +5 scale mail "Tissedef" {Harm rElec rC+}
  5156 | D:7      | Reached **** piety under Okawaru
  5161 | D:7      | Reached skill level 11 in Axes
  5162 | D:7      | Reached skill level 5 in Dodging
  5261 | D:8      | Found a shimmering altar of Xom.
  5269 | D:8      | Noticed Grum
  5276 | D:8      | Reached XP level 10. HP: 88/88 MP: 9/9
  5281 | D:8      | Killed Grum
  5464 | D:8      | Reached ***** piety under Okawaru
  5466 | D:8      | Found a staircase to the Lair.
  5722 | D:8      | Killed from afar by an electric eel

Illustrated notes

Levels and vault maps discovered:
D:1:      wander_arrival_chamber, layout_rooms, shapermc_ecumenical_altar_venn
D:2:      layout_basic, serial_shops, shop, nicolae_shop_industrial_runoff,
          shop, nicolae_shop_just_a_little_nook, kennysheep_nub, minmay_between
D:3:      minmay_roachtagon, layout_basic, mainiacjoe_overflow_alcove_4,
          cheibrodos_ashenzari_chains, minivault_26, grunt_decor_one_mirror
D:4:      minmay_wonky_spiral, layout_loops_corners,
          grunt_temple_overflow_growth_and_decay, nicolae_tso_besieged_by_evil,
          general_overflow_altar, yredelemnul_altar_generic
D:5:      layout_basic, mainiacjoe_overflow_boulevard, serial_shops, shop,
          kennysheep_generic_room_7
D:6:      layout_rooms, kennysheep_mini, cheibriados_altar_1,
          minmay_temple_entry_proselytizer, uniq_blork_the_orc
D:7:      layout_rooms, grunt_livestock, kennysheep_generic_room_12,
          uniq_maggie, uniq_joseph, uniq_jeremiah, uniq_maurice
D:8:      layout_loops_corners, overflow_temple_1_default,
          due_lair_maze_entry_diamond, serial_bayou, serial_bayou_pond_c,
          serial_bayou_pond_a, serial_bayou_lake_a, serial_bayou_lagoon_a,
          hangedman_abyss_or_decor_stabs, uniq_grum, uniq_erica
Temple:   nicolae_temple_bog_church

Skill      XL: |  1  2  3  4  5  6  7  8  9 10 |
---------------+-------------------------------+-----
Shields        | 4 5 6 7 |  7.3
Armour         | 4 5 6 8 |  8.9
Axes           | 3 4 5 6 7 9 11 | 11.7
Fighting       | 4 5 6 8 |  8.6
Dodging        | 1 2 4 5 |  5.7
Stealth        | 1 |  1.4

Action                     |  1- 3 |  4- 6 |  7- 9 | 10-12 || total
---------------------------+-------+-------+-------+-------++-------
  Melee: War axe           |    75 |   136 |   226 |    77 ||   514
         Headbutt          |     5 |    16 |    26 |    12 ||    59
    Use: Scroll            |       |    13 |     8 |       ||    21
         Potion            |       |     1 |       |       ||     1
 Armour: Scale mail        |    90 |   102 |    43 |       ||   235
         Chain mail        |       |       |   151 |    82 ||   233
  Dodge: Dodged            |    59 |    57 |    70 |    29 ||   215
  Block: Buckler           |    17 |    30 |    66 |    22 ||   135
         Tower shield      |    21 |    31 |       |       ||    52
